 Dungeon Crawl Stone Soup version 0.21.1-1-g345015f (webtiles) character file.

14967 letownia2 the Impaler (level 12, -15/96 HPs)
             Began as a Merfolk Skald on Mar 12, 2018.
             Was an Elder of Cheibriados.
             Killed from afar by Azrael (18 damage)
             ... with a fireball
             ... on level 12 of the Dungeon.
             The game lasted 00:40:03 (5333 turns).

letownia2 the Impaler (Merfolk Skald)               Turns: 5333, Time: 00:40:04

Health: -15/96     AC: 16    Str: 21    XL:     12   Next: 22%
Magic:  8/19       EV: 23    Int: 26    God:    Cheibriados [****..]
Gold:   453        SH:  0    Dex: 25    Spells: 6/17 levels left

rFire    . . .     SeeInvis .   a - +2 trident (venom)
rCold    . . .     Gourm    .   (no shield)
rNeg     . . .     Faith    .   S - +4 scale mail
rPois    .         Spirit   .   (no helmet)
rElec    .         Reflect  .   (no cloak)
rCorr    .         Harm     .   (no gloves)
MR       .....                  h - +1 pair of boots
Stlth    +.........             (no amulet)
HPRegen  1.26/turn              w - +4 ring of protection
MPRegen  0.16/turn              Q - +5 ring of evasion

@: regenerating (expiring), very slow
A: change form in water, swift swim, stealthy swim
a: Bend Time, Temporal Distortion, Slouch, Renounce Religion


You were on level 12 of the Dungeon.
You worshipped Cheibriados.
Cheibriados was greatly pleased with you.
You were hungry.

You visited 2 branches of the dungeon, and saw 13 of its levels.

You collected 453 gold pieces.

Inventory:

Hand Weapons
 a - a +2 trident of venom (weapon)
 c - a +0 blowgun
 f - a +2 trident of venom
 u - the +1 rapier of Mandamus {venom, *Contam rElec rC++ Dex-5}
   (You found it on level 4 of the Dungeon)

   It poisons the flesh of those it strikes.
   It affects your dexterity (-5).
   It greatly protects you from cold.
   It insulates you from electricity.
   It causes magical contamination when unequipped.
 x - the +10 hunting sling "Cacemu Edgh" {freeze, rN+}
   (You found it on level 4 of the Dungeon)

   It causes projectiles fired from it to freeze those they strike, causing
   extra injury to most foes and up to half again as much damage against
   particularly susceptible opponents.
   They can also slow down cold-blooded creatures.
   It protects you from negative energy.
 F - a +1 war axe of flaming
Missiles
 j - 8 curare-tipped needles
 t - 5 tomahawks (quivered)
Armour
 h - a +1 pair of boots (worn)
 p - a +2 leather armour of magic resistance
 A - a cursed +0 plate armour
 G - +0 acid dragon scales
 S - a +4 scale mail (worn)
Jewellery
 w - a +4 ring of protection (left hand)
 z - a +6 ring of strength
 H - an uncursed ring of ice
 Q - a +5 ring of evasion (right hand)
Wands
 i - a wand of flame (24)
 n - a wand of iceblast (1)
 s - a wand of polymorph (31)
 N - a wand of digging (10)
Scrolls
 e - 2 scrolls of amnesia {unknown}
 g - a scroll of teleportation {unknown}
 k - 2 scrolls of magic mapping
 l - 2 scrolls of fear {unknown}
 q - 4 scrolls of remove curse
 y - 2 scrolls of enchant armour
 B - 2 scrolls of immolation {unknown}
 C - a scroll of fog {unknown}
 D - a scroll of identify
 O - 2 scrolls of holy word {unknown}
Potions
 b - a potion of heal wounds
 m - a potion of might
 r - a potion of agility
 v - 2 potions of brilliance
 I - a potion of haste
 P - 2 potions of mutation
 R - a potion of berserk rage
Books
 o - a book of Battle

   Spells                             Type                      Level
   a - Infusion                       Charms                       1
   b - Shroud of Golubria             Charms/Translocation         2
   c - Song of Slaying                Charms                       2
   d - Spectral Weapon                Hexes/Charms                 3
   e - Regeneration                   Charms/Necromancy            3
 L - the Guide on Unholy Dislocation
   (You found it on level 9 of the Dungeon)

   Spells                             Type                      Level
   a - Bolt of Draining               Conjuration/Necromancy       5
   b - Dispersal                      Translocation                6
   c - Disjunction                    Translocation                8
Comestibles
 d - 15 rations


   Skills:
 - Level 9.5 Fighting
 - Level 15.4 Polearms
 - Level 1.8 Armour
 - Level 9.7 Dodging
 - Level 3.0 Spellcasting
 - Level 1.6 Hexes
 - Level 5.6 Charms
 - Level 2.9 Necromancy
 - Level 1.0 Translocations
 + Level 9.8 Invocations


You had 6 spell levels left.
You knew the following spells:

 Your Spells              Type           Power        Failure   Level  Hunger
a - Infusion              Chrm           ####         2%          1    None
g - Regeneration          Chrm/Necr      ####......   14%         3    ###....
l - Song of Slaying       Chrm           ####....     3%          2    ##.....
t - Shroud of Golubria    Chrm/Tloc      ###.......   10%         2    ##.....
x - Spectral Weapon       Hex/Chrm       ###.....     17%         3    ###....


Dungeon Overview and Level Annotations

Branches:
Dungeon (12/15)            Temple (1/1) D:6            Lair (0/6) D:8
    Orc: D:9-12

Altars:
Cheibriados
Dithmenos
Fedhas
Gozag
Hepliaklqana
Kikubaaqudgha
Makhleb
Nemelex Xobeh
Uskayaw
Vehumet
Yredelemnul
The Shining One

Shops:
D:5 %

Annotations:
D:3 Grinder
D:10 kolakolka's ghost, novice TrEE
D:12 Azrael


Message History

Azrael laughs insanely.
Azrael hits you with a scimitar of flaming!
Azrael burns you.
Unknown command.
You hit Azrael but do no damage.
Azrael is poisoned.
Azrael is almost dead.
Azrael gestures at you.
The sphere of damnation explodes!
The damnation engulfs you!
* * * LOW HITPOINT WARNING * * *
The damnation engulfs Azrael.
Azrael completely resists.
Unknown command.
Unknown command.
Evoke which item? (* to show all) (? for menu, Esc to quit)
Aiming: Iceblast
Press: ? - help, Shift-Dir - straight line The mass of ice explodes!
The iceblast engulfs Azrael.
Azrael is frozen!
Azrael is almost dead.
Azrael gestures at you.
The fireball explodes!
The fireball engulfs you!
You die...

#.# #.###
#...##
#.... #...#
###++##...#
.......††.#
.......R@.#
§.........#
§.........#
..........#
..........#
####......+
+......#
#......#


You could see Azrael.

Vanquished Creatures
  Erica (D:8)
  4 two-headed ogres
  2 death yaks
  An ugly thing (D:8)
  A gargoyle (D:10)
  A centaur skeleton (D:11)
  3 trolls
  2 hornets
  2 hippogriffs
  2 fire elementals
  15 yaks
  4 wyverns
  Grum (D:9)
  A steam dragon (D:11)
  An acid dragon (D:11)
  A hell hound (D:12)
  A porcupine (D:8)
  3 ice beasts
  2 eyes of draining (D:11)
  3 black bears
  4 orc warriors
  4 wolves (D:9)
  4 ogres
  2 big kobolds
  Blork the orc (D:4)
  3 bullfrogs
  A gnoll sergeant (D:8)
  2 wyvern skeletons
  2 scorpions
  8 killer bees
  4 wights (D:10)
  A howler monkey (D:10)
  2 electric eels (D:9)
  5 crimson imps
  3 bullfrog zombies
  2 centaur zombies
  A quasit (D:10)
  2 hounds
  7 orc priests
  A bullfrog skeleton (D:11)
  10 orc wizards
  3 iguanas
  Ijyb (D:3)
  Terence (D:3)
  10 worker ants
  A hound zombie (D:8)
  2 hound skeletons
  A howler monkey zombie (D:6)
  8 adders
  4 gnolls (D:8)
  2 shadow imps
  3 oozes
  An adder skeleton (D:7)
  5 worms
  4 dart slugs
  3 leopard geckos
  32 orcs
  A ball python (D:1)
  5 giant cockroaches
  3 goblins
  4 hobgoblins
  11 jackals
  14 kobolds
  4 quokkas
  2 bats
  3 frilled lizards
  A leopard gecko zombie (D:7)
  2 quokka skeletons
  4 rats
255 creatures vanquished.

Vanquished Creatures (others)
  4 spectral weapons
4 creatures vanquished.

Grand Total: 259 creatures vanquished

Notes
Turn   | Place    | Note
-------+----------+-------------------------------------------
     0 | D:1      | letownia2 the Merfolk Skald began the quest for the Orb.
     0 | D:1      | Reached XP level 1. HP: 16/16 MP: 3/3
   123 | D:1      | Reached skill level 4 in Polearms
   123 | D:1      | Reached XP level 2. HP: 2/22 MP: 1/5
   143 | D:2      | Learned a level 2 spell: Shroud of Golubria
   387 | D:2      | Reached skill level 1 in Translocations
   443 | D:2      | Reached XP level 3. HP: 18/27 MP: 2/6
   684 | D:3      | Noticed Grinder
   865 | D:3      | Noticed Ijyb
   891 | D:3      | Killed Ijyb
   891 | D:3      | Reached skill level 5 in Polearms
   891 | D:3      | Reached XP level 4. HP: 32/33 MP: 1/7
  1063 | D:3      | Noticed Terence
  1097 | D:3      | Killed Terence
  1098 | D:3      | Reached XP level 5. HP: 33/38 MP: 3/8
  1111 | D:3      | Reached skill level 6 in Polearms
  1180 | D:4      | Got a polished rapier
  1181 | D:4      | Identified the cursed +1 rapier of Mandamus {venom, *Contam rElec rC++ Dex-5} (You found it on level 4 of the Dungeon)
  1219 | D:4      | Reached skill level 1 in Armour
  1227 | D:4      | Reached XP level 6. HP: 29/44 MP: 3/9
  1232 | D:4      | Learned a level 3 spell: Regeneration
  1287 | D:4      | Noticed Blork the orc
  1304 | D:4      | Killed Blork the orc
  1547 | D:4      | Got a pitted hunting sling
  1606 | D:5      | Entered Level 5 of the Dungeon
  1789 | D:4      | Learned a level 3 spell: Spectral Weapon
  1792 | D:4      | Learned a level 2 spell: Song of Slaying
  1839 | D:5      | Found Doivigil's Food Emporium.
  2111 | D:6      | Reached skill level 1 in Hexes
  2111 | D:6      | Reached XP level 7. HP: 46/51 MP: 8/11
  2165 | D:6      | Reached skill level 5 in Charms
  2186 | D:5      | Found a hide-covered altar of Uskayaw.
  2186 | D:5      | Found an ancient bone altar of Kikubaaqudgha.
  2297 | D:4      | Found a hazy altar of Hepliaklqana.
  2484 | D:6      | Found a basalt altar of Yredelemnul.
  2490 | D:6      | Found a staircase to the Ecumenical Temple.
  2559 | Temple   | Entered the Ecumenical Temple
  2566 | Temple   | Became a worshipper of Cheibriados the Contemplative
  2646 | D:6      | Reached skill level 7 in Polearms
  2646 | D:6      | Reached XP level 8. HP: 37/61 MP: 7/12
  2691 | D:6      | Reached skill level 8 in Polearms
  2748 | D:6      | Reached skill level 1 in Necromancy
  2870 | D:7      | Reached skill level 5 in Fighting
  2881 | D:7      | Reached * piety under Cheibriados
  3071 | D:7      | Reached skill level 9 in Polearms
  3071 | D:7      | Reached XP level 9. HP: 52/69 MP: 6/13
  3135 | D:8      | Noticed Erica
  3146 | D:8      | Noticed a two-headed ogre
  3148 | D:8      | Killed Erica
  3148 | D:8      | Reached skill level 12 in Polearms
  3161 | D:8      | Killed a two-headed ogre
  3161 | D:8      | Reached skill level 14 in Polearms
  3189 | D:8      | Reached ** piety under Cheibriados
  3189 | D:8      | Reached XP level 10. HP: 61/76 MP: 4/14
  3214 | D:8      | Identified the +10 hunting sling "Cacemu Edgh" {freeze, rN+} (You found it on level 4 of the Dungeon)
  3355 | D:8      | Noticed a death yak
  3356 | D:8      | Noticed a death yak
  3358 | D:8      | Noticed a death yak
  3381 | D:9      | Killed a death yak
  3381 | D:9      | Reached skill level 15 in Polearms
  3381 | D:9      | HP: 3/114 [killer bee (6)]
  3474 | D:9      | Found a sparkling altar of Nemelex Xobeh.
  3494 | D:9      | Noticed a two-headed ogre
  3500 | D:9      | Killed a two-headed ogre
  3500 | D:9      | Reached skill level 5 in Dodging
  3517 | D:8      | Noticed a white ugly thing
  3526 | D:8      | Killed a purple ugly thing
  3558 | D:8      | Found a radiant altar of Vehumet.
  3563 | D:8      | Noticed a two-headed ogre
  3570 | D:8      | Killed a two-headed ogre
  3686 | D:8      | Reached XP level 11. HP: 82/86 MP: 11/15
  3722 | D:8      | Found a staircase to the Lair.
  3760 | D:7      | Killed a death yak
  3763 | D:7      | Reached *** piety under Cheibriados
  3984 | D:9      | Noticed Grum
  3996 | D:9      | Killed Grum
  4107 | D:9      | Reached **** piety under Cheibriados
  4145 | D:9      | Identified the Guide on Unholy Dislocation
  4187 | D:10     | Entered Level 10 of the Dungeon
  4271 | D:11     | Reached skill level 1 in Invocations
  4400 | D:10     | Noticed kolakolka's ghost (novice TrEE)
  4557 | D:10     | Reached skill level 5 in Invocations
  4821 | D:11     | Reached ***** piety under Cheibriados
  5109 | D:11     | Noticed a two-headed ogre
  5121 | D:11     | Killed a two-headed ogre
  5121 | D:11     | Reached XP level 12. HP: 73/96 MP: 2/18
  5209 | D:12     | Noticed Azrael
  5332 | D:12     | HP: 2/96 [Azrael/damnation (46)]
  5333 | D:12     | Killed from afar by Azrael

Skill      XL: |  1  2  3  4  5  6  7  8  9 10 11 12 |
---------------+-------------------------------------+-----
Polearms       | 4 5 6 7 9 14 15 | 15.4
Translocations | 1 |  1.0
Charms         | 4 5 |  5.6
Armour         | 1 |  1.8
Dodging        | 3 4 7 9 |  9.7
Spellcasting   | 3 |  3.0
Hexes          | 1 |  1.6
Fighting       | 4 6 8 9 |  9.5
Necromancy     | 2 |  2.9
Invocations    | 8 9 |  9.8

Action                   |  1- 3 |  4- 6 |  7- 9 | 10-12 || total
-------------------------+-------+-------+-------+-------++-------
Melee: Spear             |   173 |    40 |       |       ||   213
       Unarmed           |       |    20 |       |       ||    20
       Rapier            |       |   127 |   158 |       ||   285
       Trident           |       |       |    58 |   465 ||   523
       Tailslap          |       |       |       |     3 ||     3
 Cast: Infusion          |     6 |     2 |       |       ||     8
       Shroud of Golubri |    11 |    18 |    23 |    20 ||    72
       Regeneration      |       |       |    16 |    24 ||    40
       Spectral Weapon   |       |       |     7 |    20 ||    27
       Song of Slaying   |       |       |     1 |     9 ||    10
Invok: Slouch            |       |       |       |     2 ||     2
Evoke: Wand              |       |       |     2 |    11 ||    13
  Use: Potion            |       |     1 |     1 |     6 ||     8
       Scroll            |       |       |     6 |     6 ||    12
 Stab: Sleeping          |     1 |     1 |       |       ||     2
       Distracted        |       |       |     1 |     3 ||     4
  Eat: Chunk             |     1 |     6 |     9 |     9 ||    25
Armor: Leather armour    |    42 |    44 |    53 |    46 ||   185
       Skin              |       |       |       |    50 ||    50
       Scale mail        |       |       |       |    33 ||    33
Dodge: Dodged            |   102 |   134 |   108 |   281 ||   625
